| TOP OF THE 1ST |
|
Milwaukee Brewers batting - Pitching for Chicago Cubs : RHP Randy Budgell
|
|
Pitching: RHP Randy Budgell
|
|
|
Batting: RHB Akitada Nishizawa
|
0-0: Foul Ball, location: 2F 0-1: Ball 1-1: DOUBLE (Groundball, 5L, EV 105.0 MPH)
|
|
Batting: RHB Adrian Rudkilde
|
0-0: Called Strike 0-1: Ground out 5-3 (Groundball, 56, EV 77.5 MPH)
|
|
Batting: SHB Jason Woods
|
0-0: Fly out, F6 (Line Drive, 6, EV 70.0 MPH)
|
|
Batting: RHB Adriaan Pieters
|
0-0: Ball 1-0: Called Strike 1-1: Foul Ball, location: 2F 1-2: Fly out, F7 (Flyball, 7S, EV 86.9 MPH)
|
| Top of the 1st over - 0 runs, 1 hit, 0 errors, 1 left on base; Milwaukee 0 - Chicago 0 |
| BOTTOM OF THE 1ST |
|
Chicago Cubs batting - Pitching for Milwaukee Brewers : RHP John York
|
|
Pitching: RHP John York
|
|
|
Batting: RHB Yasuhide Kasahara
|
0-0: Ball 1-0: Ground out 4-3 (Groundball, 4, EV 88.8 MPH)
|
|
Batting: RHB Elijah Campbell
|
0-0: Ball 1-0: Foul Ball, location: 2F 1-1: Foul Ball, location: 2F 1-2: Fly out, F7 (Flyball, 7S, EV 78.1 MPH)
|
|
Batting: RHB Efrain Vargas
|
0-0: Ball 1-0: Ball 2-0: Ball 3-0: Called Strike 3-1: Ground out 5-3 (Groundball, 56, EV 85.6 MPH)
|
| Bottom of the 1st over - 0 runs, 0 hits, 0 errors, 0 left on base; Milwaukee 0 - Chicago 0 |
| TOP OF THE 2ND |
|
Milwaukee Brewers batting - Pitching for Chicago Cubs : RHP Randy Budgell
|
|
Batting: LHB Jeff Taylor
|
0-0: Ball 1-0: Ball 2-0: Ball 3-0: Base on Balls
|
|
Batting: SHB Jean-François Bernard
|
0-0: Ball 1-0: Called Strike 1-1: Ball 2-1: Swinging Strike 2-2: Foul Ball, location: 2F 2-2: Grounds into double play, 6-4-3 (Groundball, 6, EV 86.9 MPH)
|
|
Batting: RHB Yuichi Matsuoka
|
0-0: Ball 1-0: Ball 2-0: SINGLE (Groundball, 56D, EV 101.3 MPH)
|
|
Batting: RHB Noah Stanley
|
0-0: Ball 1-0: Ball 2-0: Foul Ball, location: 2F 2-1: Foul Ball, location: 2F 2-2: Fly out, F8 (Flyball, 8RM, EV 92.5 MPH)
|
| Top of the 2nd over - 0 runs, 1 hit, 0 errors, 1 left on base; Milwaukee 0 - Chicago 0 |
| BOTTOM OF THE 2ND |
|
Chicago Cubs batting - Pitching for Milwaukee Brewers : RHP John York
|
|
Batting: SHB Terry Tuckfard
|
0-0: Swinging Strike 0-1: Ball 1-1: Swinging Strike 1-2: Strikes out looking
|
|
Batting: RHB Will Leslie
|
0-0: Ball 1-0: Ball 2-0: Ball 3-0: Called Strike 3-1: Called Strike 3-2: Strikes out swinging
|
|
Batting: SHB Tim Hone
|
0-0: Ground out U3 (Groundball, 3, EV 105.6 MPH)
|
| Bottom of the 2nd over - 0 runs, 0 hits, 0 errors, 0 left on base; Milwaukee 0 - Chicago 0 |
| TOP OF THE 3RD |
|
Milwaukee Brewers batting - Pitching for Chicago Cubs : RHP Randy Budgell
|
|
Batting: RHB Ben Campbell
|
0-0: Called Strike 0-1: Foul Ball, location: 2F 0-2: Ball 1-2: Strikes out swinging
|
|
Batting: RHB Akitada Nishizawa
|
0-0: Called Strike 0-1: Ball 1-1: Ball 2-1: SINGLE (Line Drive, 9S, EV 93.8 MPH)
|
|
Batting: RHB Adrian Rudkilde
|
0-0: Ball 1-0: Swinging Strike 1-1: Foul Ball, location: 2F 1-2: Ball 2-2: SINGLE (Groundball, 6MD, EV 98.1 MPH) Akitada Nishizawa to second Runner from 2nd tries for 3rd, SAFE, throw by CF made to third
|
|
Batting: SHB Jason Woods
|
0-0: Foul Ball, location: 2F 0-1: Fielders Choice at 2nd, 4-6 (Groundball, 4, EV 78.8 MPH) Akitada Nishizawa scores
|
|
Batting: RHB Adriaan Pieters
|
0-0: Ball 1-0: Foul Ball, location: 2F 1-1: Ball 2-1: DOUBLE (Flyball, 89D, EV 96.9 MPH) Jason Woods to third Runner from 3rd tries for Home, SAFE, no throw by RF
|
|
Batting: LHB Jeff Taylor
|
0-0: Swinging Strike 0-1: Swinging Strike 0-2: Ball 1-2: Strikes out looking
|
| Top of the 3rd over - 2 runs, 3 hits, 0 errors, 1 left on base; Milwaukee 2 - Chicago 0 |
| BOTTOM OF THE 3RD |
|
Chicago Cubs batting - Pitching for Milwaukee Brewers : RHP John York
|
|
Batting: RHB Adam O'Hare
|
0-0: Called Strike 0-1: Swinging Strike 0-2: Ball 1-2: Foul Ball, location: 2F 1-2: Ball 2-2: Ball 3-2: Fly out, F5 (Line Drive, 5, EV 62.5 MPH)
|
|
Batting: RHB Jamie Ogilvie
|
0-0: Ball 1-0: Ball 2-0: Foul Ball, location: 2F 2-1: Ball 3-1: Foul Ball, location: 2F 3-2: Foul Ball, location: 2F 3-2: Base on Balls
|
|
Batting: RHB Andy Wasierski
|
0-0: Called Strike 0-1: Foul Ball, location: 2F 0-2: Strikes out swinging
|
|
Batting: RHB Yasuhide Kasahara
|
0-0: SINGLE (Groundball, 3S, EV 61.3 MPH) (infield hit) Jamie Ogilvie to second
|
|
Batting: RHB Elijah Campbell
|
0-0: Ball 1-0: Ball 2-0: Ground out 1-3 (Groundball, 34S, EV 67.5 MPH)
|
| Bottom of the 3rd over - 0 runs, 1 hit, 0 errors, 2 left on base; Milwaukee 2 - Chicago 0 |
| TOP OF THE 4TH |
|
Milwaukee Brewers batting - Pitching for Chicago Cubs : RHP Randy Budgell
|
|
Batting: SHB Jean-François Bernard
|
0-0: Ball 1-0: Ground out 4-3 (Groundball, 4, EV 83.8 MPH)
|
|
Batting: RHB Yuichi Matsuoka
|
0-0: Called Strike 0-1: Called Strike 0-2: Ball 1-2: Ball 2-2: Strikes out swinging
|
|
Batting: RHB Noah Stanley
|
0-0: Called Strike 0-1: Foul Ball, location: 2F 0-2: Ball 1-2: Ball 2-2: Ball 3-2: Base on Balls
|
|
Batting: RHB Ben Campbell
|
0-0: Called Strike 0-1: Ball 1-1: SINGLE (Groundball, 15, EV 63.1 MPH) (infield hit) Noah Stanley to second
|
|
Batting: RHB Akitada Nishizawa
|
0-0: Foul Ball, location: 2F 0-1: Ball 1-1: Swinging Strike 1-2: Ball 2-2: Ball 3-2: Base on Balls Noah Stanley to third Ben Campbell to second
|
|
Batting: RHB Adrian Rudkilde
|
0-0: Fly out, F3 (Popup, 3L, EV 67.5 MPH)
|
| Top of the 4th over - 0 runs, 1 hit, 0 errors, 3 left on base; Milwaukee 2 - Chicago 0 |
| BOTTOM OF THE 4TH |
|
Chicago Cubs batting - Pitching for Milwaukee Brewers : RHP John York
|
|
Batting: RHB Efrain Vargas
|
0-0: Ball 1-0: Ball 2-0: Ball 3-0: Called Strike 3-1: Called Strike 3-2: Foul Ball, location: 2F 3-2: TRIPLE (Line Drive, 9LD, EV 105.0 MPH)
|
|
Batting: SHB Terry Tuckfard
|
0-0: Ball 1-0: Swinging Strike 1-1: Ball 2-1: Foul Ball, location: 2F 2-2: Strikes out looking
|
|
Batting: RHB Will Leslie
|
0-0: Swinging Strike 0-1: Fly out, F7 (Flyball, 78M, EV 90.6 MPH)
|
|
Batting: SHB Tim Hone
|
0-0: Ball 1-0: DOUBLE (Line Drive, 89XD, EV 108.8 MPH) Efrain Vargas scores
|
|
Batting: RHB Adam O'Hare
|
0-0: Ball 1-0: Swinging Strike 1-1: Ball 2-1: Ball 3-1: Fly out, F7 (Flyball, 78XD, EV 105.0 MPH)
|
| Bottom of the 4th over - 1 run, 2 hits, 0 errors, 1 left on base; Milwaukee 2 - Chicago 1 |
| TOP OF THE 5TH |
|
Milwaukee Brewers batting - Pitching for Chicago Cubs : RHP Randy Budgell
|
|
Batting: SHB Jason Woods
|
0-0: Ground out 6-3 (Groundball, 6M, EV 78.1 MPH)
|
|
Batting: RHB Adriaan Pieters
|
0-0: Foul Ball, location: 2F 0-1: Ball 1-1: Ball 2-1: SINGLE (Groundball, 4MD, EV 102.5 MPH)
|
|
Batting: LHB Jeff Taylor
|
0-0: Ball 1-0: Called Strike 1-1: Ball 2-1: Ball 3-1: Called Strike 3-2: SINGLE (Groundball, 4MD, EV 105.0 MPH) (infield hit) Adriaan Pieters to second
|
|
Batting: SHB Jean-François Bernard
|
0-0: Ball 1-0: Ball 2-0: Called Strike 2-1: Ball 3-1: Fielders Choice at 2nd, 1-4 (Groundball, 15S, EV 69.4 MPH) Adriaan Pieters to third
|
|
Batting: RHB Yuichi Matsuoka
|
0-0: SINGLE (Groundball, 56, EV 98.8 MPH) (infield hit) Adriaan Pieters scores Jean-François Bernard to second
|
|
Batting: RHB Noah Stanley
|
0-0: Ball 1-0: Ball 2-0: Ball 3-0: Fly out, F9 (Flyball, 89M, EV 96.3 MPH)
|
| Top of the 5th over - 1 run, 3 hits, 0 errors, 2 left on base; Milwaukee 3 - Chicago 1 |
| BOTTOM OF THE 5TH |
|
Chicago Cubs batting - Pitching for Milwaukee Brewers : RHP John York
|
|
Batting: RHB Jamie Ogilvie
|
0-0: Foul Ball, location: 2F 0-1: Swinging Strike 0-2: Ball 1-2: Foul Ball, location: 2F 1-2: Foul Ball, location: 2F 1-2: SINGLE (Flyball, 6D, EV 91.3 MPH)
|
|
Batting: RHB Andy Wasierski
|
0-0: Ball 1-0: Ball 2-0: Ball 3-0: Base on Balls Jamie Ogilvie to second
|
|
Batting: RHB Yasuhide Kasahara
|
0-0: Ball 1-0: Foul Ball, location: 2F 1-1: SINGLE (Line Drive, 7S, EV 90.0 MPH) Jamie Ogilvie to third Andy Wasierski to second
|
|
Batting: RHB Elijah Campbell
|
0-0: Ball 1-0: Called Strike 1-1: Ball 2-1: Called Strike 2-2: GRAND SLAM HOME RUN (Flyball, 78XD, EV 103.8 MPH), Distance : 393 ft
|
|
Pitching: RHP Luis Mejia
|
|
|
Batting: RHB Efrain Vargas
|
0-0: Ball 1-0: Ball 2-0: Foul Ball, location: 2F 2-1: Ball 3-1: Base on Balls
|
|
Batting: SHB Terry Tuckfard
|
|
|
DELAY
|
Rain delay of 23 minutes in the 5th inning. 0-0: SINGLE (Groundball, 4MS, EV 77.5 MPH) (infield hit) Efrain Vargas to second
|
|
Batting: RHB Will Leslie
|
0-0: Foul Ball, location: 2F 0-1: Ball 1-1: Ball 2-1: Swinging Strike 2-2: Grounds into double play, 5-4-3 (Groundball, 15, EV 86.9 MPH) Efrain Vargas to third
|
|
Batting: SHB Tim Hone
|
0-0: Ball 1-0: Foul Ball, location: 2F 1-1: Ground out 4-3 (Groundball, 4S, EV 85.6 MPH)
|
| Bottom of the 5th over - 4 runs, 4 hits, 0 errors, 1 left on base; Milwaukee 3 - Chicago 5 |
| TOP OF THE 6TH |
|
Milwaukee Brewers batting - Pitching for Chicago Cubs : RHP Randy Budgell
|
|
Pitching: RHP Yeong-kil Suck
|
|
|
Batting: RHB Ben Campbell
|
0-0: Called Strike 0-1: Ball 1-1: Swinging Strike 1-2: Foul Ball, location: 2F 1-2: Ball 2-2: Ball 3-2: Strikes out swinging
|
|
Batting: RHB Akitada Nishizawa
|
0-0: Called Strike 0-1: Ball 1-1: Swinging Strike 1-2: Strikes out swinging
|
|
Batting: RHB Adrian Rudkilde
|
0-0: Foul Ball, location: 2F 0-1: Ball 1-1: Ball 2-1: Ball 3-1: Foul Ball, location: 2F 3-2: Foul Ball, location: 2F 3-2: Ground out 2-3 (Groundball, 2L, EV 65.0 MPH)
|
| Top of the 6th over - 0 runs, 0 hits, 0 errors, 0 left on base; Milwaukee 3 - Chicago 5 |
| BOTTOM OF THE 6TH |
|
Chicago Cubs batting - Pitching for Milwaukee Brewers : RHP Luis Mejia
|
|
Batting: RHB Adam O'Hare
|
0-0: Foul Ball, location: 2F 0-1: Ball 1-1: Swinging Strike 1-2: Ball 2-2: Foul Ball, location: 2F 2-2: Strikes out swinging
|
|
Batting: RHB Jamie Ogilvie
|
0-0: Ball 1-0: Ground out 5-3 (Groundball, 5, EV 83.1 MPH)
|
|
Batting: RHB Andy Wasierski
|
0-0: Foul Ball, location: 2F 0-1: Foul Ball, location: 2F 0-2: Ball 1-2: Ball 2-2: Foul Ball, location: 2F 2-2: Foul Ball, location: 2F 2-2: Fly out, F9 (Flyball, 9S, EV 90.6 MPH)
|
| Bottom of the 6th over - 0 runs, 0 hits, 0 errors, 0 left on base; Milwaukee 3 - Chicago 5 |
| TOP OF THE 7TH |
|
Milwaukee Brewers batting - Pitching for Chicago Cubs : RHP Yeong-kil Suck
|
|
Batting: SHB Jason Woods
|
0-0: Ball 1-0: Ball 2-0: Foul Ball, location: 2F 2-1: Ball 3-1: Fly out, F7 (Flyball, 78M, EV 91.9 MPH)
|
|
Batting: RHB Adriaan Pieters
|
0-0: Foul Ball, location: 2F 0-1: Foul Ball, location: 2F 0-2: Ball 1-2: Ball 2-2: Ball 3-2: Foul Ball, location: 2F 3-2: Foul Ball, location: 2F 3-2: Foul Ball, location: 2F 3-2: SINGLE (Groundball, 4MD, EV 98.1 MPH)
|
|
Batting: LHB Jeff Taylor
|
0-0: Called Strike 0-1: Foul Ball, location: 2F 0-2: Ball 1-2: Foul Ball, location: 2F 1-2: Foul Ball, location: 2F 1-2: Foul Ball, location: 2F 1-2: Ball 2-2: Strikes out looking
|
|
Batting: SHB Jean-François Bernard
|
0-0: Ball 1-0: Called Strike 1-1: Foul Ball, location: 2F 1-2: Ball 2-2: Foul Ball, location: 2F 2-2: Foul Ball, location: 2F 2-2: Ball 3-2: Base on Balls Adriaan Pieters to second
|
|
Batting: RHB Yuichi Matsuoka
|
0-0: Ball 1-0: Fielders Choice at 2nd, 6-4 (Groundball, 56, EV 85.6 MPH)
|
| Top of the 7th over - 0 runs, 1 hit, 0 errors, 2 left on base; Milwaukee 3 - Chicago 5 |
| BOTTOM OF THE 7TH |
|
Chicago Cubs batting - Pitching for Milwaukee Brewers : RHP Luis Mejia
|
|
Pitching: RHP Jose Avila
|
|
|
Batting: RHB Yasuhide Kasahara
|
0-0: Ball 1-0: Foul Ball, location: 2F 1-1: Ball 2-1: Ground out 5-3 (Groundball, 5, EV 80.6 MPH)
|
|
Batting: RHB Elijah Campbell
|
0-0: Ball 1-0: Ball 2-0: Called Strike 2-1: Ball 3-1: Called Strike 3-2: Foul Ball, location: 2F 3-2: Foul Ball, location: 2F 3-2: Foul Ball, location: 2F 3-2: Base on Balls
|
|
Batting: RHB Efrain Vargas
|
0-0: Ball 1-0: Ball 2-0: Grounds into double play, 5-4-3 (Groundball, 25, EV 82.5 MPH)
|
| Bottom of the 7th over - 0 runs, 0 hits, 0 errors, 0 left on base; Milwaukee 3 - Chicago 5 |
| TOP OF THE 8TH |
|
Milwaukee Brewers batting - Pitching for Chicago Cubs : RHP Yeong-kil Suck
|
|
Pitching: RHP Bryant Bradley
|
|
|
Batting: RHB Noah Stanley
|
0-0: Ball 1-0: Called Strike 1-1: Fly out, F5 (Flyball, 5D, EV 99.4 MPH)
|
|
Batting: RHB Ben Campbell
|
0-0: Ball 1-0: Foul Ball, location: 2F 1-1: Swinging Strike 1-2: Strikes out swinging
|
|
Batting: RHB Akitada Nishizawa
|
0-0: Called Strike 0-1: Ball 1-1: Ball 2-1: Ball 3-1: Foul Ball, location: 2F 3-2: Strikes out looking
|
| Top of the 8th over - 0 runs, 0 hits, 0 errors, 0 left on base; Milwaukee 3 - Chicago 5 |
| BOTTOM OF THE 8TH |
|
Chicago Cubs batting - Pitching for Milwaukee Brewers : RHP Jose Avila
|
|
Batting: SHB Terry Tuckfard
|
0-0: Swinging Strike 0-1: Fly out, F9 (Line Drive, 9, EV 85.6 MPH)
|
|
Batting: RHB Will Leslie
|
0-0: Foul Ball, location: 2F 0-1: Ball 1-1: SINGLE (Groundball, 6M, EV 108.1 MPH) (infield hit)
|
|
Batting: SHB Tim Hone
|
0-0: Foul Ball, location: 2F 0-1: Called Strike 0-2: Foul Ball, location: 2F 0-2: Ball 1-2: Strikes out swinging Will Leslie steals 2nd base Batter strikes out.
|
|
Batting: RHB Adam O'Hare
|
0-0: Foul Ball, location: 2F 0-1: Ball 1-1: Swinging Strike 1-2: Ball 2-2: Fly out, F9 (Flyball, 89D, EV 100.0 MPH)
|
| Bottom of the 8th over - 0 runs, 1 hit, 0 errors, 1 left on base; Milwaukee 3 - Chicago 5 |
| TOP OF THE 9TH |
|
Milwaukee Brewers batting - Pitching for Chicago Cubs : RHP Bryant Bradley
|
|
Pitching: LHP George Poirier
|
|
|
Batting: RHB Adrian Rudkilde
|
0-0: Ball 1-0: Called Strike 1-1: Called Strike 1-2: Ball 2-2: Fly out, F5 (Popup, 56S, EV 81.9 MPH)
|
|
Batting: SHB Jason Woods
|
0-0: Swinging Strike 0-1: Fly out, F5 (Popup, 6S, EV 81.9 MPH)
|
|
Batting: RHB Adriaan Pieters
|
0-0: Swinging Strike 0-1: Foul Ball, location: 2F 0-2: Ball 1-2: Ball 2-2: Ball 3-2: Ground out 4-3 (Groundball, 34, EV 99.4 MPH)
|
| Top of the 9th over - 0 runs, 0 hits, 0 errors, 0 left on base; Milwaukee 3 - Chicago 5 |
|